 Dungeon Crawl Stone Soup version 0.27-a0-562-g0d39f094a4 (webtiles) character file.

Game seed: 3856416805915874071

2928 porpoise the Basher (level 9, -13/78 (79) HPs)
             Began as a Minotaur Delver on Mar 9, 2021.
             Was a Follower of the Shining One.
             Mangled by a large abomination (23 damage)
             ... on level 1 of the Abyss.
             The game lasted 00:28:07 (9743 turns).

porpoise the Basher (Minotaur Delver)               Turns: 9743, Time: 00:28:08

HP:   -13/78 (79)   AC: 12    Str: 20    XL:     9   Next: 50%
MP:   10/10         EV:  9    Int:  7    God:    the Shining One [*.....]
Gold: 312           SH:  0    Dex: 12    Spells: 8/8 levels left

rFire    . . .     SeeInvis .   a - +3 whip
rCold    . . .     Faith    .   (no shield)
rNeg     . . .     Spirit   .   v - +0 chain mail
rPois    .         Reflect  .   (helmet restricted)
rElec    .         Harm     .   (no cloak)
rCorr    .         Rampage  .   (no gloves)
Will     .....                  i - +1 pair of boots
Stlth    ..........             (no amulet)
HPRegen  0.23/turn              (no ring)
MPRegen  0.12/turn              (no ring)

@: glowing, lightly drained
A: horns 2, retaliatory headbutt
a: Renounce Religion


You were on level 1 of the Abyss.
You worshipped the Shining One.
The Shining One was aware of your devotion.
You visited 2 branches of the dungeon, and saw 9 of its levels.
You visited the Abyss 1 time.

You collected 674 gold pieces.
You spent 362 gold pieces at shops.

Inventory:

Hand Weapons
 a - a +3 whip (weapon)
 w - a +0 flail
Missiles
 f - 6 atropa-tipped darts
 l - 276 stones
 u - 12 poisoned darts
 x - 56 bolts
 y - 5 boomerangs (quivered)
Armour
 i - a +1 pair of boots (worn)
 v - a +0 chain mail (worn)
Wands
 b - a wand of paralysis (8)
 g - a wand of digging (3)
 t - a wand of polymorph (9)
Scrolls
 c - 2 scrolls of fog
 d - a scroll of magic mapping
 e - 5 scrolls of fear
 j - a scroll of blinking
 m - a scroll of enchant armour
 r - a scroll of teleportation
Potions
 h - a potion of might
 k - a potion of resistance
 n - 2 potions of cancellation
 o - a potion of heal wounds
 p - a potion of haste
 q - a potion of lignification {unknown}
 s - 3 potions of flight
 z - 2 potions of brilliance {unknown}
 A - a potion of degeneration {unknown}
 B - a potion of invisibility {unknown}
 C - a potion of berserk rage {unknown}


   Skills:
 - Level 7.0 Fighting
 + Level 10.7 Maces & Flails
 - Level 7.0 Armour
 + Level 4.6 Dodging
 - Level 4.1 Stealth
 - Level 3.0 Invocations
 - Level 3.0 Evocations


You had 8 spell levels left.
You didn't know any spells.
Your spell library contained the following spells:

 Spells                   Type           Power      Damage    Failure   Level
 Sting                    Tmut/Pois      0%         1d3       98%         1
 Poisonous Vapours        Pois/Air       0%         N/A       99%         2
 Ignite Poison            Fire/Tmut/Pois 0%         N/A       100%        3
 Mephitic Cloud           Conj/Pois/Air  0%         N/A       100%        3
 Olgreb's Toxic Radiance  Pois           0%         N/A       100%        4


Dungeon Overview and Level Annotations

Branches:
Dungeon (8/15)             Temple (1/1) D:4
   Lair: D:8-11

Altars:
Ashenzari
Cheibriados
Dithmenos
Elyvilon
Fedhas
Gozag
Hepliaklqana
Kikubaaqudgha
Makhleb
Nemelex Xobeh
Okawaru
Qazlal
Sif Muna
Trog
Uskayaw
Vehumet
Yredelemnul
Zin
The Shining One

Shops:
D:4 (:

Annotations:
D:7 exclusion: downstairs
D:8 Psyche


Innate Abilities, Weirdness & Mutations

You have a pair of horns on your head.
You reflexively headbutt those who attack you in melee.


Message History

Your headbutt misses the large abomination.
You hit the large abomination but do no damage.
You hit the large abomination but do no damage.
You headbutt the large abomination, but do no damage.
The large abomination barely misses you.
You hit the large abomination but do no damage.
You hit the large abomination. You headbutt the large abomination.
The large abomination is lightly damaged.
You hit the large abomination but do no damage.
The large abomination is lightly damaged.
The large abomination hits you but does no damage.
You hit the large abomination but do no damage.
You headbutt the large abomination!
The large abomination is moderately damaged.
You whack the large abomination!
The large abomination is heavily damaged.
The large abomination barely misses you.
You hit the large abomination.
The large abomination is heavily damaged.
You hit the large abomination.
The large abomination is heavily damaged.
You hit the large abomination but do no damage.
The large abomination is heavily damaged.
The large abomination hits you!
You barely miss the large abomination.
The large abomination is heavily damaged.
You hit the large abomination but do no damage.
You headbutt the large abomination, but do no damage.
The large abomination is heavily damaged.
The large abomination hits you!!
* * * LOW HITPOINT WARNING * * *
You hit the large abomination but do no damage.
The large abomination is heavily damaged.
You hit the large abomination.
The large abomination is heavily damaged.
You hit the large abomination but do no damage.
You headbutt the large abomination.
The large abomination is severely damaged.
The large abomination hits you!!
You die...

.. #. .. ..#. # .
#...#######ยง# .
.##.#.X@....# #
..
........#?#.##..#
.#..#.#.....#.
.......#.# ....
....#.# .. #..
##..# ##..## #
#....#..# #.# ..#
..#.. . . #. ##
.#.# .. . #


You could see a large abomination.

Vanquished Creatures
  A centaur zombie (D:6)
  Sigmund (D:2)
  A wyvern (D:7)
  Duvessa (D:7)
  An orc warrior (D:7)
  3 ogres
  3 centaurs
  2 phantoms
  A bullfrog (D:6)
  Dowan (D:7)
  2 scorpions
  8 killer bees
  4 orc priests
  A hound (D:6)
  4 iguanas
  A gnoll shaman (D:4)
  5 orc wizards
  6 worker ants
  A killer bee zombie (D:7)
  A hound zombie (D:7)
  A mummy (D:7)
  17 adders
  2 white imps
  An ufetubus (D:6)
  2 oozes
  2 adder skeletons
  3 worms
  4 leopard geckos
  25 orcs
  A ball python (D:3)
  4 bats
  6 giant cockroaches
  9 goblins
  10 hobgoblins
  7 jackals
  7 kobolds
  7 quokkas
  8 frilled lizards
  A leopard gecko skeleton (D:2)
  A leopard gecko zombie (D:5)
  2 quokka skeletons (D:4)
  12 rats
180 creatures vanquished.

Notes
Turn   | Place    | Note
-------+----------+-------------------------------------------
     0 | D:5      | porpoise the Minotaur Delver began the quest for the Orb.
     0 | D:5      | Reached XP level 1. HP: 19/19 MP: 0/0
    23 | D:5      | Noticed a scorpion
    36 | D:5      | Killed a scorpion
    37 | D:5      | Reached skill level 3 in Maces & Flails
    37 | D:5      | Reached XP level 2. HP: 17/28 MP: 1/1
    37 | D:5      | Reached XP level 3. HP: 20/34 MP: 2/2
   221 | D:5      | Reached skill level 4 in Maces & Flails
   387 | D:5      | Noticed a centaur
   697 | D:4      | Found Notesa's Book Boutique.
   714 | D:4      | Reached skill level 5 in Fighting
   714 | D:4      | Reached XP level 4. HP: 42/42 MP: 3/3
  1807 | D:2      | Noticed Sigmund
  1818 | D:2      | Killed Sigmund
  1819 | D:2      | Reached skill level 5 in Maces & Flails
  1819 | D:2      | Reached XP level 5. HP: 41/50 MP: 4/4
  2004 | D:2      | Reached XP level 6. HP: 53/57 MP: 5/5
  2916 | D:2      | Reached skill level 6 in Maces & Flails
  3110 | D:2      | Found a glowing silver altar of Zin.
  3110 | D:2      | Noticed an angel
  3140 | D:3      | Found an opulent altar of Gozag.
  3831 | D:3      | Found a hazy altar of Hepliaklqana.
  4131 | D:3      | Found a faded altar of an unknown god.
  4676 | D:4      | Reached skill level 1 in Armour
  4676 | D:4      | Reached XP level 7. HP: 49/66 MP: 6/6
  4683 | D:4      | Reached skill level 7 in Maces & Flails
  5259 | D:4      | Reached skill level 8 in Maces & Flails
  5716 | D:4      | Found a staircase to the Ecumenical Temple.
  5724 | Temple   | Entered the Ecumenical Temple
  5871 | Temple   | Became a worshipper of the Shining One
  5964 | D:4      | Found a shimmering blue altar of Sif Muna.
  6034 | D:4      | Found Weutalo's Antique Weapon Boutique.
  6039 | D:4      | Bought a runed morningstar for 203 gold pieces
  6040 | D:4      | Bought a glowing whip for 159 gold pieces
  6218 | D:5      | Reached XP level 8. HP: 70/73 MP: 7/7
  6350 | D:5      | Reached skill level 5 in Armour
  6350 | D:5      | Reached skill level 1 in Invocations
  6788 | D:6      | Reached skill level 9 in Maces & Flails
  7069 | D:6      | Found a burning altar of Makhleb.
  7069 | D:6      | Noticed a cacodemon
  7074 | D:6      | Reached * piety under the Shining One
  7074 | D:6      | Noticed an orange demon
  7138 | D:6      | Reached skill level 1 in Evocations
  8128 | D:7      | Reached XP level 9. HP: 75/79 MP: 10/10
  8399 | D:7      | Found a white marble altar of Elyvilon.
  8567 | D:7      | Noticed Duvessa
  8567 | D:7      | Noticed Dowan
  8584 | D:7      | Killed Duvessa
  8585 | D:7      | Reached skill level 10 in Maces & Flails
  8593 | D:7      | Killed Dowan
  9488 | D:8      | Noticed Psyche
  9676 | D:8      | Cast into level 1 of the Abyss (Psyche)
  9743 | Abyss:1  | Mangled by a large abomination

Illustrated notes

Levels and vault maps discovered:
D:1:      psy_arrival_radial02, layout_basic
D:2:      layout_basic, zin_angel, uniq_sigmund
D:3:      layout_basic, general_overflow_altar, nicolae_overflow_crystal_walls,
          chequers_ecumenical_altar_island, amcnicky_mini_corridor_feature
D:4:      minmay_polygon_palace, layout_cave_pools, marbit_many_paths,
          minmay_temple_entry_mist, serial_shops, shop_fountains,
          nicolae_shop_temple_entry_statues_fountains
D:5:      layout_cave_pools, gup_sewer_entry_glass
D:6:      layout_loops_cross, makhleb_altar_promises_db
D:7:      layout_cave_pools, kennysheep_mini_moat, gup_ossuary_entry_pyramid,
          kennysheep_pointless_box, uniq_duvessa
D:8:      argonaut_augean_stables, layout_rooms,
          amethyst_overflow_temple_binary,
          nicolae_gozag_cash_rules_everything_around_me, uniq_psyche
Temple:   dshaligram_water_room_temple
Abyss:1:  base:
Temple

Skill      XL: |  1  2  3  4  5  6  7  8  9 |
---------------+----------------------------+-----
Fighting       | 4 5 6 7 |  7.0
Maces & Flails | 3 4 5 6 8 9 10 | 10.7
Armour         | 1 4 6 7 |  7.0
Invocations    | 3 |  3.0
Evocations     | 2 3 |  3.0
Dodging        | 4 |  4.6
Stealth        | |  4.1

Action                   |  1- 3 |  4- 6 |  7- 9 || total
-------------------------+-------+-------+-------++-------
Melee: Mace              |    25 |   226 |    84 ||   335
       Headbutt          |     3 |    36 |    72 ||   111
       Unarmed           |       |       |    11 ||    11
       Whip              |       |       |   245 ||   245
Throw: Stone             |       |     8 |       ||     8
       Dart              |       |     6 |       ||     6
       Boomerang         |       |       |     4 ||     4
Evoke: Wand              |       |       |     4 ||     4
  Use: Potion            |       |     1 |     3 ||     4
       Scroll            |       |     6 |     5 ||    11
 Stab: Sleeping          |       |     9 |       ||     9
       Distracted        |       |     1 |       ||     1
Armor: Leather armour    |     8 |    37 |       ||    45
       Chain mail        |       |    30 |   146 ||   176
Dodge: Dodged            |    16 |    87 |   111 ||   214

Table legend: (Time is in decaauts)
 A = Elapsed time spent in this place.
 B = Non-inter-level travel time spent in this place.
 C = Inter-level travel time spent in this place.
 D = Time resting spent in this place.
 E = Time spent auto-exploring this place.
 F = Levels seen in this place.
 G = Mean time per level.
                   A        B        C        D        E       F      G
               +--------+--------+--------+--------+--------+-----+--------+
         Total |   9660 |   9474 |    186 |   3771 |   3448 |  10 |  966.0 |
       Dungeon |   9444 |   9311 |    133 |   3754 |   3339 |   8 | 1180.5 |
        Temple |    163 |    110 |     53 |      0 |    109 |   1 |  163.0 |
         Abyss |     52 |     52 |      0 |     17 |      0 |   1 |   52.0 |
               +--------+--------+--------+--------+--------+-----+--------+

Top non-repeatable levels by time:
     D:4: 1877 daAuts
     D:7: 1629 daAuts
     D:3: 1251 daAuts
     D:1: 1226 daAuts
     D:2: 1172 daAuts
     D:5: 1050 daAuts
     D:6: 983 daAuts
     D:8: 254 daAuts
  Temple: 163 daAuts
 Abyss:1: 52 daAuts
